 Dungeon Crawl Stone Soup version 0.27-a0-988-g25969acef8 (webtiles) character file.

Game seed: 6714358357021370687

48 funkygono the Firebug (level 3, -11/26 HPs)
             Began as a Draconian Fire Elementalist on Apr 16, 2021.
             Killed by nerve-wracking pain
             ... invoked by a shadow imp
             ... summoned by Natasha
              (14 damage)
             ... on level 2 of the Dungeon.
             The game lasted 00:04:07 (2320 turns).

funkygono the Firebug (Draconian Fire Elementalist) Turns: 2320, Time: 00:04:08

Health: -11/26     AC:  9    Str:  7 (10) XL:     3   Next: 50%
Magic:  6/6        EV: 12    Int: 15 (16) God:
Gold:   67         SH:  0    Dex: 10 (11) Spells: 3/7 levels left

rFire    . . .     SeeInvis .   b - +0 mace
rCold    . . .     Faith    .   (no shield)
rNeg     . . .     Spirit   .   (armour unavailable)
rPois    .         Reflect  .   (helmet restricted)
rElec    .         Harm     .   (no cloak)
rCorr    .         Rampage  .   (no gloves)
Will     .....                  (no boots)
Stlth    ++........             (no amulet)
HPRegen  0.08/turn              a - +4 ring of protection
MPRegen  0.10/turn              (no ring)

@: brilliant, slowed, very slow
A: AC +5, unfitting armour, cold-blooded
a: no special abilities


You were on level 2 of the Dungeon.
You visited 1 branch of the dungeon, and saw 2 of its levels.

You collected 67 gold pieces.

Inventory:

Hand Weapons
 b - a +0 mace (weapon)
Jewellery
 a - a +4 ring of protection (left hand)
Scrolls
 c - a scroll of identify {unknown}
 g - a scroll of vulnerability {unknown}


   Skills:
 + Level 0.1 Fighting
 + Level 2.0 Dodging
 - Level 1.7 Stealth
 * Level 2.6 Spellcasting
 * Level 1.5 Conjurations
 * Level 3.6 Fire Magic


You had 3 spell levels left.
You knew the following spells:

 Your Spells              Type           Power      Damage    Failure   Level
a - Foxfire               Conj/Fire      56%        2x1d6     7%          1
b - Conjure Flame         Conj/Fire      14%        6-21      22%         3

Your spell library contained the following spells:

 Spells                   Type           Power      Damage    Failure   Level
 Inner Flame              Hex/Fire       11%        N/A       28%         3
 Sticky Flame             Conj/Fire      14%        2d4       56%         4
 Fireball                 Conj/Fire      7%         3d5       89%         5


Dungeon Overview and Level Annotations

Branches:
Dungeon (2/15)

Altars:

Annotations:
D:2 1 runed translucent door, Crazy Yiuf, Natasha


Innate Abilities, Weirdness & Mutations

Your plain brown scales are hard. (AC +5)
You cannot fit into any form of body armour.
You are cold-blooded and may be slowed by cold attacks.


Message History

Natasha casts a spell at you.
You feel as though you will be slow longer.
Natasha casts a spell at you. The magic dart hits you.
Natasha closely misses you. Natasha claws you but does no damage.
Natasha claws you!
* * * LOW HITPOINT WARNING * * *
It was a potion of brilliance.
You feel clever all of a sudden. Natasha misses you.
Natasha casts a spell at you. The magic dart hits you.
* * * LOW HITPOINT WARNING * * *
Unknown command.
It was a potion of curing.
You feel better. Natasha barely misses you. Natasha closely misses you.
Natasha barely misses you. Natasha barely misses you.
Natasha mumbles some strange words.
Natasha howls an incantation.
You feel disoriented.
The shadow imp picks up a beetle and eats it.
The shadow imp hits you.
* * * LOW HITPOINT WARNING * * *
It was a potion of degeneration.
There was something very wrong with that liquid.
You feel weakened.
You feel dopey.
You feel clumsy. The shadow imp misses you.
Natasha mumbles some strange words.
Natasha's front paws start to glow.
The shadow imp hits you but does no damage.
You aren't carrying any potions.
Unknown command.
Okay, then.
Natasha casts a spell.
The shadow imp gestures at you. Pain shoots through your body!
Ouch! That really hurt!
You die...

..##############g# #.# #.#..# ..#
#g###..#####.#..# #.#
###########g##.........#..# ..#
#........##g##.........#...
#.####........##h##.........##.#
..............##5##.........##.#
#.###.#.......##5##.........##.#
..............##.##.............
#.###.#.......##@##........###.#
#.#$#.#.......##.##........# #
#.###.#.......##.##........#
..............##.#######..##
#.###.#.......##.# ##.## .#
..............'..# #..# .#.
######.#......############.###.#.
#......####+#....................
#...††## #.#....##########.##.##


You could see Natasha, 2 gnolls, 2 shadow imps and a goblin.

Vanquished Creatures
  An adder (D:2)
  3 bats
  2 endoplasms
  2 giant cockroaches (D:2)
  A goblin (D:2)
  3 hobgoblins (D:1)
  7 jackals
  A kobold (D:1)
  3 quokkas
  7 ball pythons
  A frilled lizard (D:1)
  2 rats (D:1)
33 creatures vanquished.

Vanquished Creatures (others)
  86 foxfires
86 creatures vanquished.

Grand Total: 119 creatures vanquished

Notes
Turn   | Place    | Note
-------+----------+-------------------------------------------
     0 | D:1      | funkygono the Draconian Fire Elementalist began the quest
                  | for the Orb.
     0 | D:1      | Reached XP level 1. HP: 14/14 MP: 3/3
   503 | D:1      | Reached XP level 2. HP: 5/20 MP: 0/5
   974 | D:1      | Found a faded altar of an unknown god.
  1687 | D:2      | Reached XP level 3. HP: 20/26 MP: 3/6
  1691 | D:2      | Learned a level 3 spell: Conjure Flame
  1925 | D:2      | Found a runed translucent door.
  1926 | D:2      | Noticed Crazy Yiuf
  2279 | D:2      | Noticed Natasha
  2320 | D:2      | Killed from afar by a shadow imp

Illustrated notes

Levels and vault maps discovered:
D:1:      sevenhm_arrival_forest_fort_large_2, layout_basic,
          chequers_ecumenical_altar_simple
D:2:      layout_basic, minmay_surrounded, uniq_crazy_yiuf_cottage,
          uniq_natasha, uniq_robin

Skill      XL: |  1  2  3 |
---------------+----------+-----
Dodging        | 2 |  2.0
Fighting       | |  0.1
Stealth        | |  1.7
Spellcasting   | |  2.6
Conjurations   | |  1.5
Fire Magic     | |  3.6

Action                   || total
-------------------------++-------
Melee: Mace              ||     1
 Cast: Foxfire           ||    57
  Use: Scroll            ||     3
       Potion            ||     3
Armor: Skin              ||    35
Dodge: Dodged            ||    71

Table legend: (Time is in decaauts)
 A = Elapsed time spent in this place.
 B = Non-inter-level travel time spent in this place.
 C = Inter-level travel time spent in this place.
 D = Time resting spent in this place.
 E = Time spent auto-exploring this place.
 F = Levels seen in this place.
 G = Mean time per level.
                   A        B        C        D        E       F      G
               +--------+--------+--------+--------+--------+-----+--------+
         Total |   2337 |   2291 |     46 |      0 |   1923 |   2 | 1168.5 |
       Dungeon |   2337 |   2291 |     46 |      0 |   1923 |   2 | 1168.5 |
               +--------+--------+--------+--------+--------+-----+--------+

Top non-repeatable levels by time:
     D:1: 1640 daAuts
     D:2: 696 daAuts
